 Dungeon Crawl Stone Soup version 0.29.1-1-gd02db6906a (webtiles) character file.

Game seed: 2736929566168389237

1825 vvl the Chiller (level 8, -5/59 HPs)
             Began as a Demonspawn Ice Elementalist on Sept 29, 2022.
             Killed from afar by a steam dragon (14 damage)
             ... with a ball of steam
             ... on level 6 of the Dungeon.
             The game lasted 00:14:07 (7556 turns).

vvl the Chiller (Demonspawn Ice Elementalist)       Turns: 7556, Time: 00:14:08

Health: -5/59      AC:  9    Str:  8    XL:     8   Next: 86%
Magic:  14/14      EV: 15    Int: 20    God:
Gold:   297        SH:  5    Dex: 19    Spells: 14/15 levels left

rFire   . . .      SeeInvis .   e - +0 short sword (venom)
rCold   + . .      Faith    .   q - +0 buckler
rNeg    . . .      Spirit   .   g - +0 ring mail
rPois   .          Reflect  .   (helmet restricted)
rElec   .          Harm     .   (no cloak)
rCorr   .          Rampage  .   y - +0 pair of gloves
Will    .....                   (no boots)
Stlth   ++........              (no amulet)
HPRegen 0.19/turn               l - +6 ring of dexterity
MPRegen 0.14/turn               z - +4 ring of evasion

@: studying Short Blades
A: thin metallic scales 2, spiny 3, weakness stinger 1, antennae 1, cold
resistance 1, wild magic 1
a: no special abilities


You were on level 6 of the Dungeon.
You visited 1 branch of the dungeon, and saw 6 of its levels.

You collected 341 gold pieces.
You spent 44 gold pieces at shops.

Inventory:

Hand Weapons
 e - a +0 short sword of venom (weapon)
 k - a +1 long sword of venom
Armour
 g - a +0 ring mail (worn)
 q - a +0 buckler (worn)
 y - a +0 pair of gloves (worn)
Magical Staves
 v - a staff of cold
Jewellery
 l - a +6 ring of dexterity (left hand)
 m - a ring of wizardry
 r - a ring of flight
 z - a +4 ring of evasion (right hand)
Wands
 s - a wand of charming (3)
 w - a wand of flame (27)
Scrolls
 c - 4 scrolls of brand weapon {unknown}
 d - 3 scrolls of magic mapping {unknown}
 f - 3 scrolls of enchant weapon {unknown}
 h - 2 scrolls of fog {unknown}
 j - 3 scrolls of poison
 n - 4 scrolls of identify {unknown}
 t - a scroll of silence {unknown}
 u - a scroll of teleportation {unknown}
 x - a scroll of vulnerability {unknown}
 B - a scroll of torment {unknown}
Potions
 a - 2 potions of heal wounds {unknown}
 b - a potion of magic
 i - 3 potions of haste {unknown}
 o - 2 potions of curing
 p - a potion of might {unknown}
 A - a potion of resistance {unknown}


   Skills:
 + Level 3.6 Fighting
 + Level 0.4 Short Blades
 + Level 3.2 Armour
 + Level 3.9 Dodging
 - Level 2.0 Stealth
 + Level 3.0 Shields
 + Level 4.0 Spellcasting
 + Level 3.6 Conjurations
 + Level 5.0 Ice Magic
 + Level 2.8 Earth Magic
 + Level 3.5 Poison Magic


You had 14 spell levels left.
You knew the following spells:

 Your Spells              Type           Power      Damage    Failure   Level
a - Freeze                Ice            100%       1d11      10%         1

Your spell library contained the following spells:

 Spells                   Type           Power      Damage    Failure   Level
 Magic Dart               Conj           96%        1d7       16%         1
 Sandblast                Erth           40%        2d10      22%         1
 Searing Ray              Conj           48%        2d6       22%         2
 Frozen Ramparts          Ice            62%        1d10      26%         3
 Ozocubu's Armour         Ice            31%        N/A       26%         3
 Stone Arrow              Conj/Erth      44%        3d9       45%         3
 Passwall                 Tmut/Erth      10%        N/A       47%         2
 Hailstorm                Conj/Ice       27%        3d7       71%         4
 Call Canine Familiar     Summ           5%         N/A       87%         3
 Gell's Gravitas          Tloc           5%         N/A       87%         3
 Portal Projectile        Hex/Tloc       10%        N/A       87%         3
 Teleport Other           Tloc           5%         N/A       87%         3
 Fulminant Prism          Conj/Hex       7%         3d7       95%         4
 Leda's Liquefaction      Hex/Erth       6%         N/A       97%         4
 Dispersal                Tloc           2%         N/A       100%        6
 Ozocubu's Refrigeration  Ice            15%        4d10      100%        7


Dungeon Overview and Level Annotations

Branches:
Dungeon (6/15)
 Temple: D:4-7

Altars:
Fedhas
Kikubaaqudgha
Trog
Vehumet

Shops:
D:5 *


Innate Abilities, Weirdness & Mutations

You are mostly covered in thin metallic scales. (AC +3)
You are completely covered in sharp spines.
You have a small tail.
You have a pair of small antennae on your head.
Your flesh is cold resistant. (rC+)
Your spells are a little harder to cast, but a little more powerful.


Message History

The steam dragon is heavily wounded.
The ufetubus misses you. The ufetubus barely misses you.
The steam dragon breathes steam at you. The ball of steam misses you.
The ball of steam hits the ufetubus!
The ufetubus dies!
You hit the steam dragon but do no damage.
The steam dragon is heavily wounded.
A hound comes into view.
The steam dragon closely misses you.
The steam dragon claws you but does no damage.
The iguana is engulfed in a cloud of scalding steam.
You block the iguana's attack. The steam dragon closely misses you.
The steam dragon claws you but does no damage.
The iguana is engulfed in a cloud of scalding steam.
The iguana is struck by your spines.
You kill the iguana!
You closely miss the steam dragon.
The steam dragon is heavily wounded.
The steam dragon barely misses you.
The steam dragon claws you but does no damage.
Aiming: Charm
Press: ? - help, Shift-Dir - straight line, f - hound
Aim: a hound (steam, chance to affect: 57%)
The hound resists with significant effort.
The hound is engulfed in a cloud of scalding steam.
The hound is struck by your spines. The hound barely misses you.
The steam dragon is struck by your spines.
The steam dragon bites you but does no damage.
The steam dragon closely misses you.
The hound is engulfed in a cloud of scalding steam.
You closely miss the steam dragon.
The steam dragon is severely wounded.
The hound bites you.
* * * LOW HITPOINT WARNING * * *
The hound is engulfed in a cloud of scalding steam.
The hound bites you but does no damage. The steam dragon breathes steam at you.
The ball of steam hits you!
You die...

#.......# #.....>.###
#.........#########
#.....###...?......
........# #..........
........# #..........
.........###.§........
.........§.D§..§§.....
..#.###§.§h@†........
#. #..§h..#.......
#..^.$$#....._.
#....$........
#...#......⌠..
.....#.#.$....
#.#####.##._. .. ..#
....


You could see a steam dragon (poisoned, catching breath) and 2 hounds.

Vanquished Creatures
  Sigmund (D:5)
  Eustachio (D:5)
  A water moccasin (D:5)
  The ghost of CougarLife the Digger, an amateur GrEE (D:3)
  2 black bears (D:5)
  2 ice beasts
  A necrophage (D:5)
  A bullfrog (D:3)
  3 scorpions
  3 electric eels (D:4)
  A howler monkey (D:5)
  2 orc priests (D:3)
  2 hounds (D:5)
  An orc wizard (D:3)
  3 iguanas
  Ijyb (D:3)
  Robin (D:2)
  9 gnolls
  7 adders
  An ufetubus (D:5)
  4 worms
  3 dart slugs
  6 orcs
  5 ball pythons
  7 endoplasms
  2 giant cockroaches
  15 goblins
  14 hobgoblins
  2 jackals (D:2)
  5 kobolds
  A quokka (D:3)
  3 bats
  A frilled lizard (D:3)
  A rat (D:2)
  A spectral kobold (D:1)
114 creatures vanquished.

Vanquished Creatures (others)
  An ufetubus (D:6)
  A plant (D:4)
2 creatures vanquished.

Grand Total: 116 creatures vanquished

Notes
Turn   | Place    | Note
-------+----------+-------------------------------------------
     0 | D:1      | vvl the Demonspawn Ice Elementalist began the quest for the
                  | Orb.
     0 | D:1      | Reached XP level 1. HP: 13/13 MP: 3/3
    36 | D:1      | Found a faded altar of an unknown god.
   288 | D:1      | Gained mutation: You are partially covered in sharp spines.
                  | [demonic ancestry]
   288 | D:1      | Reached XP level 2. HP: 17/19 MP: 0/5
  1723 | D:2      | Reached skill level 1 in Conjurations
  1723 | D:2      | Gained mutation: You are partially covered in thin metallic
                  | scales. (AC +2) [demonic ancestry]
  1723 | D:2      | Reached XP level 3. HP: 25/25 MP: 4/6
  1864 | D:2      | Identified the +10 short sword of Umpuoc {elec, Dex+3}
  1876 | D:2      | Reached skill level 1 in Fighting
  1927 | D:2      | Reached skill level 1 in Poison Magic
  1938 | D:2      | Gained mutation: You are mostly covered in sharp spines.
                  | [demonic ancestry]
  1938 | D:2      | Reached XP level 4. HP: 12/32 MP: 7/7
  2382 | D:2      | Noticed Robin
  2390 | D:2      | Killed Robin
  2394 | D:2      | Reached skill level 1 in Armour
  2688 | D:3      | Found a radiant altar of Vehumet.
  2695 | D:3      | Found a runed translucent door.
  2704 | D:3      | Noticed a bullfrog
  2712 | D:3      | Noticed CougarLife's ghost (amateur GrEE)
  2717 | D:3      | Reached skill level 4 in Ice Magic
  2719 | D:3      | Killed a bullfrog
  2720 | D:3      | Gained mutation: You have a small tail. [demonic ancestry]
  2720 | D:3      | Reached XP level 5. HP: 36/37 MP: 8/8
  2728 | D:3      | Gained mutation: You occasionally shout uncontrollably at
                  | your foes. [potion of mutation]
  2728 | D:3      | Gained mutation: You have a somewhat thin skeletal
                  | structure. (Dex +2, Stealth+) [potion of mutation]
  2728 | D:3      | Gained mutation: You expend magic power (3 MP) to
                  | strengthen your wands. [potion of mutation]
  2734 | D:3      | Killed CougarLife's ghost
  2735 | D:3      | Gained mutation: You are completely covered in sharp
                  | spines. [demonic ancestry]
  2735 | D:3      | Reached XP level 6. HP: 21/44 MP: 2/10
  2970 | D:3      | Reached skill level 1 in Shields
  2977 | D:3      | Reached skill level 1 in Earth Magic
  3394 | D:3      | Found a blossoming altar of Fedhas.
  3557 | D:3      | Noticed Ijyb
  3568 | D:3      | Killed Ijyb
  3744 | D:3      | Lost mutation: You have a somewhat thin skeletal structure.
                  | (Dex +2, Stealth+) [potion of mutation]
  3744 | D:3      | Lost mutation: You occasionally shout uncontrollably at
                  | your foes. [potion of mutation]
  3744 | D:3      | Lost mutation: You expend magic power (3 MP) to strengthen
                  | your wands. [potion of mutation]
  3744 | D:3      | Gained mutation: Armour fits poorly on your strangely
                  | shaped body. [potion of mutation]
  3744 | D:3      | Gained mutation: You are frail. (-10% HP) [potion of
                  | mutation]
  3744 | D:3      | Gained mutation: Your spells are a little harder to cast,
                  | but a little more powerful. [potion of mutation]
  4500 | D:4      | Gained mutation: You are mostly covered in thin metallic
                  | scales. (AC +3) [demonic ancestry]
  4500 | D:4      | Reached XP level 7. HP: 33/45 MP: 11/11
  4611 | D:4      | Found a transporter.
  4615 | D:4      | Found a transporter.
  5385 | D:4      | Lost mutation: You are frail. (-10% HP) [potion of
                  | mutation]
  5385 | D:4      | Lost mutation: Armour fits poorly on your strangely shaped
                  | body. [potion of mutation]
  5385 | D:4      | Gained mutation: You have a pair of small antennae on your
                  | head. [potion of mutation]
  5385 | D:4      | Gained mutation: Your flesh is cold resistant. (rC+)
                  | [potion of mutation]
  6192 | D:5      | Entered Level 5 of the Dungeon
  6408 | D:5      | Found Colocw's Serpentskin Sales.
  6456 | D:5      | Bought a scroll of poison for 44 gold pieces
  6674 | D:5      | Noticed Eustachio
  6694 | D:5      | Killed Eustachio
  6695 | D:5      | Reached XP level 8. HP: 47/57 MP: 13/13
  6781 | D:5      | Noticed Sigmund
  6797 | D:5      | Killed Sigmund
  6950 | D:5      | Reached skill level 5 in Ice Magic
  7543 | D:6      | Found a bloodstained altar of Trog.
  7550 | D:6      | Found an ancient bone altar of Kikubaaqudgha.
  7556 | D:6      | Killed from afar by a steam dragon

Illustrated notes

Levels and vault maps discovered:
D:1:      lightli_arrival_windingriver, layout_basic,
          dreamdust_ecumenical_altar_drowned_temple, st_stairs_2
D:2:      layout_basic, uniq_robin
D:3:      layout_basic, fedhas_altar_2, vehumet_crystals, ebering_ghost_sewer_d,
          roderic_roman_lattice, uniq_ijyb
D:4:      gammafunk_steamed_eel, layout_cave_pods
D:5:      layout_loops_ring, lemuel_coloured_pillars_altar,
          kennysheep_nondescript, guppyfry_shop_venom, uniq_sigmund,
          uniq_eustachio
D:6:      layout_basic, grunt_temple_overflow_open,
          minmay_temple_entry_statues_fountains, nicolae_lava_and_water

Skill      XL: |  1  2  3  4  5  6  7  8 |
---------------+-------------------------+-----
Stealth        | 2 |  2.0
Dodging        | 2 3 |  3.9
Conjurations   | 1 2 3 |  3.6
Fighting       | 1 2 3 |  3.6
Poison Magic   | 1 2 3 |  3.5
Armour         | 1 2 3 |  3.2
Ice Magic      | 4 5 |  5.0
Shields        | 1 2 3 |  3.0
Earth Magic    | 1 2 |  2.8
Spellcasting   | 3 4 |  4.0
Short Blades   | |  0.4

Action                   |  1- 3 |  4- 6 |  7- 9 || total
-------------------------+-------+-------+-------++-------
Melee: Unarmed           |    29 |       |       ||    29
       Short sword       |    32 |    55 |   126 ||   213
       Long sword        |     7 |    11 |       ||    18
       Punch             |       |     2 |       ||     2
       Tailslap          |       |    11 |    21 ||    32
 Cast: Freeze            |    18 |     7 |       ||    25
Evoke: Wand              |       |       |     9 ||     9
  Use: Potion            |       |     2 |     1 ||     3
 Stab: Sleeping          |     1 |     3 |     3 ||     7
Armor: Robe              |    12 |       |       ||    12
       Ring mail         |     7 |    24 |    43 ||    74
Dodge: Dodged            |    47 |    27 |    91 ||   165
Block: Buckler           |       |    21 |    26 ||    47
